 Dungeon Crawl Stone Soup version 0.30.0-29-ga12c61a403 (webtiles) character file.

Game seed: 11168443750630359790

41 H0rd4k the Charlatan (level 3, -5/26 HPs)
             Began as a Human Artificer on June 7, 2023.
             Killed from afar by Sigmund (6 damage)
             ... with a magic dart
             ... on level 3 of the Dungeon.
             The game lasted 00:01:25 (919 turns).

H0rd4k the Charlatan (Human Artificer)               Turns: 919, Time: 00:01:25

Health: -5/26      AC:  3    Str: 12    XL:     3   Next: 75%
Magic:  3/3        EV: 11    Int: 13    God:
Gold:   18         SH:  0    Dex: 13    Spells: 2/2 levels left

rFire   . . .        a - +0 club
rCold   . . .        (no shield)
rNeg    . . .        b - +0 leather armour
rPois   .            (no helmet)
rElec   .            (no cloak)
rCorr   .            (no gloves)
SInv    .            (no boots)
Will    .....        (no amulet)
Stlth   +            (no ring)
HPRegen 0.24/turn    (no ring)
MPRegen 0.08/turn

%: no passive effects
@: no status effects
A: no striking features
a: no special abilities


You were on level 3 of the Dungeon.
You visited 1 branch of the dungeon, and saw 3 of its levels.

You collected 18 gold pieces.

Inventory:

Hand Weapons
 a - a +0 club (weapon)
Armour
 b - a +0 leather armour (worn)
Wands
 c - a wand of flame (11) (quivered)
 d - a wand of charming (11)
 e - a wand of iceblast (5)
Potions
 f - a potion of heal wounds {unknown}
 g - a potion of attraction {unknown}


   Skills:
 + Level 1.6 Fighting
 + Level 1.6 Maces & Flails
 - Level 2.0 Armour
 + Level 1.2 Dodging
 + Level 1.2 Stealth
 + Level 3.5 Evocations


You had 2 spell levels left.
You didn't know any spells.
Your spell library contained the following spells:

 Spells                   Type           Power      Damage    Failure   Level
 Cigotuvi's Dreadful Rot  Necr/Pois/Air  0%         N/A       52%         2
 Ignite Poison            Fire/Tmut/Pois 0%         N/A       75%         3
 Freezing Cloud           Conj/Ice/Air   0%         6-21      100%        5


Dungeon Overview and Level Annotations

Branches:
Dungeon (3/15)

Altars:

Annotations:
D:1 exclusion: ogre
D:3 Sigmund


Message History

Orders for allies: a - Attack new target. p - Attack previous target. r - Retreat! s - Stop attacking. g - Guard the area. f - Follow me.
Anything else - Cancel.
Guard this area!
Something hits the orc wizard but does no damage.
Aiming: Charm
Press: ? - help, Shift-Dir - straight line, f - orc wizard
Aim: an orc wizard, wielding a +0 dagger and wearing a +0 robe (chance to affect: 58%)
The orc wizard is charmed.
Unknown command.
What are your orders? t - Shout!
Orders for allies: a - Attack new target. p - Attack previous target. r - Retreat! s - Stop attacking. g - Guard the area. f - Follow me.
Anything else - Cancel.
Guard this area!
Your orc wizard hits the orc with a +0 dagger.
The orc hits your orc wizard but does no damage.
Your orc hits the orc but does no damage.
Your orc wizard barely misses the orc.
Your orc wizard barely misses the orc.
Your orc wizard hits the orc but does no damage.
There is an escape hatch in the floor here.
The orc appears confused.
You slide downwards.
The hatch slams shut behind you.
Found 12 gold pieces and a scroll labelled AMOULIG XOKLI.
Found three stone staircases leading down.
Unknown command.
Aiming: Charm
Press: ? - help, Shift-Dir - straight line, f - centaur
Aim: a centaur (chance to affect: 58%)
The centaur resists with significant effort.
The centaur wields a +0 shortbow.
The centaur shoots an arrow.
The arrow hits you.
* * * LOW HITPOINT WARNING * * *
Sigmund casts a spell at you. The magic dart hits you.
You die...

.. .@..
#.. ..?.
#..###..#
.......>#
#..cJ...#
#...>.$.#
........#
.......@#
#.......#
#.o...#.#
#..#.##.#
#.... ...
..## #.#
# ... #.#


You could see Sigmund, a centaur, an orc (asleep) and an endoplasm.

Vanquished Creatures
  An adder (D:2)
  4 ball pythons (D:1)
  A bat (D:1)
  4 endoplasms (D:1)
  3 goblins (D:1)
  A hobgoblin (D:2)
  4 jackals (D:1)
  A quokka (D:1)
  A frilled lizard (D:1)
  A kobold (D:2)
  5 rats (D:1)
26 creatures vanquished.

Vanquished Creatures (collateral kills)
  An endoplasm (D:1)
  A rat (D:1)
2 creatures vanquished.

Grand Total: 28 creatures vanquished

Notes
Turn   | Place    | Note
-------+----------+-------------------------------------------
     0 | D:1      | H0rd4k the Human Artificer began the quest for the Orb.
     0 | D:1      | Reached XP level 1. HP: 15/15 MP: 1/1
     9 | D:1      | Noticed an ogre
   109 | D:1      | Reached XP level 2. HP: 15/21 MP: 2/2
   147 | D:1      | Reached skill level 1 in Maces & Flails
   232 | D:1      | HP: 1/21 [goblin/+0 club (3)]
   442 | D:1      | Reached XP level 3. HP: 20/26 MP: 3/3
   491 | D:1      | HP: 1/26 [gnoll/+0 flail (7)]
   918 | D:3      | Noticed Sigmund
   918 | D:3      | Noticed a centaur
   919 | D:3      | HP: 1/26 [centaur/arrow (6)]
   919 | D:3      | Killed from afar by Sigmund

Illustrated notes

Levels and vault maps discovered:
D:1:      evilmike_arrival_come_back, layout_rooms
D:2:      minmay_door_path, layout_basic, basic_ecumenical_altar
D:3:      layout_loops_ring, nicolae_overflow_crystal_walls, serial_shops,
          nicolae_shop_waterfront, uniq_sigmund, uniq_crazy_yiuf_cottage,
          uniq_terence

Skill      XL: |  1  2 |
---------------+-------+-----
Maces & Flails | 1 |  1.6
Fighting       | |  1.6
Armour         | |  2.0
Dodging        | |  1.2
Stealth        | |  1.2
Evocations     | |  3.5

Action                     || total
---------------------------++-------
  Melee: Club              ||   133
         Punch             ||     1
  Evoke: Wand              ||     8
   Stab: Sleeping          ||     1
 Armour: Leather armour    ||    43
  Dodge: Dodged            ||   121
